 Dungeon Crawl Stone Soup version 0.20-a0-949-g916514f (webtiles) character file.

31 AlphabetPasta the Ducker (level 3, 0/17 HPs)
             Began as a Felid Chaos Knight on Apr 4, 2017.
             Succumbed to an adder's poison
             ... on level 2 of the Dungeon.
             The game lasted 00:03:48 (901 turns).

AlphabetPasta the Ducker (Felid Chaos Knight)        Turns: 901, Time: 00:03:48

Health: 0/17       AC:  1    Str:  9    XL:     3   Next: 7%
Magic:  4/4        EV: 18    Int: 13    God:    Xom [..*...]
Gold:   29         SH:  0    Dex: 15    Spells: 2/2 levels left
                                        Lives:  0   Deaths: 0

rFire    . . .     SeeInvis +     - Unarmed
rCold    . . .     Gourm    .   (shield unavailable)
rNeg     . . .     Faith    .   (armour unavailable)
rPois    .         Spirit   .   (helmet unavailable)
rElec    .         Reflect  .   (cloak unavailable)
rCorr    .         Harm     .   (gloves unavailable)
MR       .....                  (boots unavailable)
Stlth    ++........             (no amulet)
Regen    0.1/turn               (no ring)
MPRegen  0.1/turn               (no ring)

@: lethally poisoned (0 -> -9), hasted, very quick
A: no armour, no weapons or thrown items, stealth, claws 1, fangs 3, see
invisible, carnivore 3, speed 1, shaggy fur 1, slow metabolism 1, sharp paws
a: Renounce Religion


You were on level 2 of the Dungeon.
You worshipped Xom.
You were a toy of Xom.
You were completely stuffed.

You visited 1 branch of the dungeon, and saw 2 of its levels.

You collected 29 gold pieces.

Inventory:

Scrolls
 c - a scroll of amnesia
 e - 2 scrolls of remove curse
Potions
 d - a potion of haste
Comestibles
 a - a meat ration
 b - a chunk of flesh


   Skills:
 * Level 3.5 Fighting
 + Level 3.5 Dodging
 + Level 1.7 Stealth
 * Level 3.3 Unarmed Combat


You had 2 spell levels left.
You didn't know any spells.

Dungeon Overview and Level Annotations

Branches:
Dungeon (2/15)

Altars:


Innate Abilities, Weirdness & Mutations

You cannot wear armour.
You are incapable of wielding weapons or throwing items.
Your paws allow you to move quietly. (Stealth)
You have sharp claws.
You have razor-sharp teeth.
You have supernaturally acute eyesight. (SInv)
You are carnivorous and can eat meat at any time.
You cover ground quickly.
You are covered in fur. (AC +1)
You have a slow metabolism.
Your sharp claws are effective at attacking unaware monsters.


Message History

The adder misses you.
You closely miss the adder.
The adder is almost dead.
The adder misses you.
You barely miss the adder.
The adder is almost dead.
* * * LOW HITPOINT WARNING * * *
You feel sick.
You scratch the adder.
You kill the adder!
You have reached level 3!
Your experience leads to an increase in your attributes!
Increase (S)trength, (I)ntelligence, or (D)exterity?
You feel stronger.
* * * LOW HITPOINT WARNING * * *
You feel sick.
A frilled lizard comes into view.
A bat comes into view.
You die...
Xom is highly amused!

...###.#................
#........................
#...###.#................
... #.#................
...###.###..............
........##..............
..................######
..................#
b......@..........#####
......................#
...........(..>.......##
....##..................
... #l.........##......
#. ................... .
............#.......
............#....... ...
#.......


You could see a bat (sleeping) and a frilled lizard.

Vanquished Creatures
  An adder (D:2)
  An ooze (D:1)
  A ball python (D:1)
  4 bats
  A giant cockroach (D:1)
  A hobgoblin (D:2)
  4 frilled lizards
  3 goblins (D:1)
  5 rats (D:1)
21 creatures vanquished.

Notes
Turn   | Place    | Note
-------+----------+-------------------------------------------
     0 | D:1      | AlphabetPasta the Felid Chaos Knight began the quest for the Orb.
     0 | D:1      | Reached XP level 1. HP: 10/10 MP: 2/2
    82 | D:1      | XOM: divination: magic mapping
   187 | D:1      | XOM: harmless Necr miscast
   300 | D:1      | XOM: harmless Necr miscast
   317 | D:1      | Reached XP level 2. HP: 12/14 MP: 3/3
   407 | D:1      | Reached skill level 1 in Stealth
   534 | D:1      | XOM: harmless Fire miscast
   593 | D:1      | XOM: harmless Hex miscast
   896 | D:2      | Reached XP level 3. HP: 2/17 MP: 4/4
   901 | D:2      | Succumbed to an adder's poison

Vault maps used:
D:1:      lightli_arrival_maybe_door_vault, grunt_decor_one_mirror
D:2:      nicolae_qazlal_eye_of_the_storm, first_bread

Skill      XL: |  1  2 |
---------------+-------+-----
Stealth        | 1 |  1.7
Fighting       | |  3.5
Dodging        | |  3.5
Unarmed Combat | |  3.3

Action                   || total
-------------------------++-------
Melee: Unarmed           ||    60
       Bite              ||     3
       Punch             ||     1
  Use: Potion            ||     5
       Scroll            ||     4
 Stab: Sleeping          ||     4
  Eat: Chunk             ||     7
Armor: Skin              ||     1
Dodge: Dodged            ||    36
